[Event "44th Chess Olympiad Open 2022"]
[Site "Chennai"]
[Date "2022.08.09"]
[Round "11.77"]
[White "Masiala Mayuku, Eddy"]
[Black "Napoleao, Lourenco"]
[Result "0-1"]
[ECO "D02"]
[WhiteElo "1574"]
[BlackElo "1778"]
[Annotator "NA RC COMBH"]
[PlyCount "82"]
[EventDate "2022.07.29"]
[EventType "team-tourn"]
[EventCountry "IND"]
[SourceTitle "playchess.com"]
[Source "ChessBase"]
[SourceQuality "1"]
[WhiteTeam "COD"]
[BlackTeam "Mozambique"]
[BlackTeamCountry "MOZ"]
[TimeControl "40/5400+30:1800+30"]

1. d4 d5 2. Nf3 Nf6 3. g3 e6 4. Bg2 Be7 5. O-O O-O 6. Qd2 c5 7. c3 Nc6 8. Re1 Qb6 9. e3 Bd7 10. dxc5 Bxc5 11. b4 Bd6 12. Bb2 a5 13. a3 Rfc8 14. Qd3 e5 15. Qd1 e4 16. Nd4 Ne5 17. f3 exf3 18. Bxf3 Nc4 19. Qe2 Re8 20. Qf2 Re7 21. Kh1 Rae8 22. Bc1 Bh3 23. Ra2 axb4 24. axb4 Bxb4 25. cxb4 Qxd4 26. Rae2 Qb6 27. g4 Bxg4 28. Bxg4 Nxg4 29. Qg3 Nf6 30. Na3 Nxa3 31. Bxa3 d4 32. Bb2 dxe3 33. Rg2 g6 34. Qg5 Re6 35. h4 Qc6 36. Qh6 Nh5 37. Kg1 e2 38. Rg5 Qb6+ 39. Kh2 Qf2+ 40. Kh3 Re3+ 41. Kg4 R8e4# 0-1

[Event "44th Chess Olympiad Open 2022"]
[Site "Chennai"]
[Date "2022.08.09"]
[Round "11.78"]
[White "Hashem, Khaled"]
[Black "Ahmad, Md Siraj Munir"]
[Result "1-0"]
[ECO "D78"]
[WhiteElo "1870"]
[BlackElo "2035"]
[Annotator "NA RC"]
[PlyCount "67"]
[EventDate "2022.07.29"]
[EventType "team-tourn"]
[EventCountry "IND"]
[SourceTitle "playchess.com"]
[Source "ChessBase"]
[SourceQuality "1"]
[WhiteTeam "Kuwait"]
[BlackTeam "Brunei"]
[WhiteTeamCountry "KUW"]
[BlackTeamCountry "BRN"]
[TimeControl "40/5400+30:1800+30"]

1. d4 d5 2. Nf3 Nf6 3. g3 g6 4. Bg2 Bg7 5. O-O O-O 6. c4 c6 7. Nbd2 Nbd7 8. b3 b6 9. Bb2 Bb7 10. Re1 Rc8 11. Qb1 c5 12. e3 h6 13. cxd5 cxd4 14. e4 d3 15. Qxd3 Nc5 16. Qb1 Ba6 17. Bf1 Bxf1 18. Kxf1 Qd7 19. Kg2 Qb5 20. Nc4 Ncxe4 21. Rxe4 Nxe4 22. Bxg7 Kxg7 23. Qxe4 Qc5 24. Rd1 Rcd8 25. Ne3 a5 26. Ne5 Rfe8 27. Qd4 Qxd4 28. Rxd4 f6 29. Nc6 Rd7 30. Nc4 Rb7 31. a4 Rc8 32. f4 Kf8 33. Re4 Rcc7 34. Nd8 1-0

[Event "44th Chess Olympiad Open 2022"]
[Site "Chennai"]
[Date "2022.08.09"]
[Round "11.78"]
[White "Yussof, Pg Abd Rahman"]
[Black "Al Ibrahim, Abdulrahman"]
[Result "0-1"]
[ECO "D31"]
[WhiteElo "1804"]
[BlackElo "1822"]
[Annotator "NA COMBH"]
[PlyCount "68"]
[EventDate "2022.07.29"]
[EventType "team-tourn"]
[EventCountry "IND"]
[SourceTitle "playchess.com"]
[Source "ChessBase"]
[SourceQuality "1"]
[WhiteTeam "Brunei"]
[BlackTeam "Kuwait"]
[WhiteTeamCountry "BRN"]
[BlackTeamCountry "KUW"]
[TimeControl "40/5400+30:1800+30"]

1. d4 d5 2. c4 e6 3. Nc3 c6 4. Nf3 dxc4 5. e4 b5 6. Be2 Bb7 7. O-O Nf6 8. Re1 Be7 9. Bg5 h6 10. Bh4 a6 11. Rc1 g5 12. Bg3 c5 13. Be5 cxd4 14. Bxd4 Nc6 15. b3 Nxd4 16. Nxd4 Qb6 17. e5 Bc5 18. exf6 Bxd4 19. Rf1 Rd8 20. Qc2 cxb3 21. Qxb3 Bxf6 22. Na4 Qa5 23. Nc3 O-O 24. a4 Rd2 25. Bh5 b4 26. Nb1 Rb2 27. Qg3 Qe5 28. Qh3 Qf4 29. Rce1 Rc8 30. Qd3 Bd5 31. Qxa6 Rcc2 32. Qb5 Bd4 33. Qe8+ Kg7 34. Rd1 Rxf2 0-1

[Event "44th Chess Olympiad Open 2022"]
[Site "Chennai"]
[Date "2022.08.09"]
[Round "11.78"]
[White "Alhejab, Meshal"]
[Black "Sharikhan, Shawal"]
[Result "1-0"]
[ECO "B92"]
[WhiteElo "1732"]
[BlackElo "1789"]
[Annotator "NA RC COMBH"]
[PlyCount "53"]
[EventDate "2022.07.29"]
[EventType "team-tourn"]
[EventCountry "IND"]
[SourceTitle "playchess.com"]
[Source "ChessBase"]
[SourceQuality "1"]
[WhiteTeam "Kuwait"]
[BlackTeam "Brunei"]
[WhiteTeamCountry "KUW"]
[BlackTeamCountry "BRN"]
[TimeControl "40/5400+30:1800+30"]

1. e4 c5 2. Nf3 d6 3. d4 cxd4 4. Nxd4 Nf6 5. Nc3 a6 6. Be2 e5 7. Nb3 Be7 8. Be3 Be6 9. Qd3 Nbd7 10. Nd5 Bxd5 11. exd5 O-O 12. c4 Rc8 13. O-O Ne8 14. Rac1 f5 15. f4 e4 16. Qd2 Bf6 17. Nd4 Bxd4 18. Bxd4 Qe7 19. b4 Nef6 20. Qe3 Kh8 21. Rfd1 a5 22. a3 axb4 23. axb4 h6 24. Qh3 Nh7 25. Qxh6 Ndf6 26. Qg6 Qf7 27. Qxf5 1-0

[Event "44th Chess Olympiad Open 2022"]
[Site "Chennai"]
[Date "2022.08.09"]
[Round "11.79"]
[White "Naipal, Hoolan"]
[Black "Sihlongonyane, Sikhanyiso"]
[Result "1-0"]
[ECO "B51"]
[WhiteElo "1785"]
[BlackElo "1658"]
[Annotator "NA RC COMBH"]
[PlyCount "167"]
[EventDate "2022.07.29"]
[EventType "team-tourn"]
[EventCountry "IND"]
[SourceTitle "playchess.com"]
[Source "ChessBase"]
[SourceQuality "1"]
[WhiteTeam "Mauritius"]
[BlackTeam "SWZ"]
[WhiteTeamCountry "MRI"]
[TimeControl "40/5400+30:1800+30"]

1. e4 c5 2. Nf3 d6 3. Bb5+ Nd7 4. O-O a6 5. Bd3 Ngf6 6. c3 e6 7. Bc2 Be7 8. d4 cxd4 9. cxd4 O-O 10. Nc3 b5 11. e5 dxe5 12. dxe5 Ng4 13. Be4 Ra7 14. Bf4 f5 15. exf6 Bxf6 16. Bd6 Be7 17. Bxe7 Qxe7 18. Qe2 Ndf6 19. Bc2 b4 20. Ne4 Nxe4 21. Qxe4 Nf6 22. Qe2 Nd5 23. g3 Qf6 24. Ne5 Rc7 25. Rac1 Bb7 26. Bb3 Rxc1 27. Rxc1 Qh6 28. Re1 Qh3 29. Qg4 Qxg4 30. Nxg4 Re8 31. h4 Kf7 32. Ne5+ Ke7 33. Nc4 Rc8 34. Nd2 h6 35. f4 Kf7 36. Nc4 Rd8 37. Ne5+ Kf6 38. Rd1 g5 39. Ng4+ Kg7 40. fxg5 hxg5 41. h5 Rh8 42. h6+ Kg6 43. Ne5+ Kf6 44. Re1 Nc7 45. Bc2 Nb5 46. Ng4+ Ke7 47. Be4 Nd6 48. Bxb7 Nxb7 49. Re5 Rg8 50. Re4 a5 51. Rc4 Kd6 52. Rd4+ Ke7 53. Ne5 Kf6 54. Ng4+ Kf5 55. Kg2 e5 56. Rd7 Kxg4 57. Rxb7 Rh8 58. h7 e4 59. Kf2 e3+ 60. Kxe3 Kxg3 61. Rg7 g4 62. b3 Re8+ 63. Kd3 Rh8 64. Ke4 Kh2 65. Rxg4 Rxh7 66. Rg5 Ra7 67. Kd4 Kh3 68. Kc4 Kh4 69. Rg6 Kh5 70. Rc6 a4 71. Kxb4 axb3 72. axb3 Ra1 73. Kb5 Rb1 74. b4 Kg5 75. Rc2 Kf6 76. Re2 Kf5 77. Kc5 Rc1+ 78. Kb6 Kf6 79. b5 Rb1 80. Kc6 Rc1+ 81. Kb7 Rb1 82. b6 Kf7 83. Rc2 Ke7 84. Kc7 1-0

[Event "44th Chess Olympiad Open 2022"]
[Site "Chennai"]
[Date "2022.08.09"]
[Round "11.79"]
[White "Hlophe, Smilo"]
[Black "Chinasamy, Devarajen"]
[Result "0-1"]
[ECO "D02"]
[WhiteElo "1731"]
[BlackElo "1970"]
[Annotator "TA"]
[PlyCount "102"]
[EventDate "2022.07.29"]
[EventType "team-tourn"]
[EventCountry "IND"]
[SourceTitle "playchess.com"]
[Source "ChessBase"]
[SourceQuality "1"]
[WhiteTeam "SWZ"]
[BlackTeam "Mauritius"]
[BlackTeamCountry "MRI"]
[TimeControl "40/5400+30:1800+30"]

1. d4 d5 2. Nf3 Nf6 3. g3 c6 4. Bg2 Bf5 5. c4 a6 (5... e6 $11) 6. Nc3 {[%emt 0:00:10] D02: 1 d4 d5 2 Nf3 sidelines, including 2...Nf6 3 g3 and 2...Nf6 3 Bf4.} e6 7. Qb3 Ra7 (7... b5 $5) 8. O-O {[%emt 0:00:54] White is slightly better.} Nbd7 9. Bf4 {[%emt 0:00:41] [#]} (9. Nh4 $5 ) 9... Be7 $146 ({Predecessor:} 9... h6 10. h3 Be7 11. Rfc1 O-O 12. a4 Qb6 13. Qxb6 Nxb6 14. c5 Nbd7 15. g4 Bh7 {½-½ (39) Vastrukhin,O (2413)-Dilmukhametov,A (2353) Sochi 2018}) 10. h3 O-O 11. Nd2 Bg6 12. e4 dxe4 (12... dxc4 {is more complex.} 13. Nxc4 b5 14. Ne5 Nxe5 15. dxe5 Nd7) 13. Ndxe4 (13. Ncxe4 {feels hotter.} Qb6 14. Qxb6 Nxb6 15. b3) 13... Nxe4 14. Nxe4 Bxe4 15. Bxe4 Bg5 16. Bxg5 Qxg5 17. Qe3 Qxe3 18. fxe3 Raa8 19. b4 Rab8 20. a4 f5 21. Bd3 g6 22. b5 c5 23. d5 (23. a5 $11) 23... exd5 {[%emt 0:02:17] aiming for ...Rfe8.} 24. cxd5 Ne5 25. Be2 a5 26. b6 Rbd8 27. Rfd1 Rd6 28. Rab1 Nd7 29. Rb5 Ra8 30. Rc1 Kg7 31. Rcxc5 $2 {[%emt 0:27:21][%mdl 8192] [#] Now White is beyond hope.} (31. Rb3 $17) 31... Nxc5 $19 32. Rxc5 Rxb6 $17 {[%emt 0:01:43][%mdl 4096] Endgame KRR-KRB} 33. Rc7+ Kh8 34. g4 Rd8 35. Rc5 Rbd6 (35... Rb1+ $142 36. Kf2 b6) 36. Bf3 $19 b6 37. Rc7 R8d7 38. Rc8+ Kg7 39. Kg2 Re7 40. gxf5 (40. Kf2 $142) 40... gxf5 41. Kf2 Kf6 42. Ke2 Ke5 43. Kd3 (43. h4 {was called for.}) 43... Rh6 44. Bg2 Rg6 45. Rc2 Reg7 46. Bf3 Rg3 47. Ke2 Rxh3 {[%emt 0:00:56] [#] Hoping for ...Rgg3.} 48. Rc6 Rg6 49. Rc8 Rgg3 50. d6 Kxd6 51. Rc6+ Ke5 {[%emt 0:00:42] Weighted Error Value: White=0.63/Black=0.19 (very precise)} 0-1

[Event "44th Chess Olympiad Open 2022"]
[Site "Chennai"]
[Date "2022.08.09"]
[Round "11.79"]
[White "Dlamini Simphiwe"]
[Black "Goorsahye, Antoine"]
[Result "1/2-1/2"]
[ECO "C84"]
[WhiteElo "1569"]
[BlackElo "1783"]
[Annotator "NA RC COMBH"]
[PlyCount "60"]
[EventDate "2022.07.29"]
[EventType "team-tourn"]
[EventCountry "IND"]
[SourceTitle "playchess.com"]
[Source "ChessBase"]
[SourceQuality "1"]
[WhiteTeam "SWZ"]
[BlackTeam "Mauritius"]
[BlackTeamCountry "MRI"]
[TimeControl "40/5400+30:1800+30"]

1. e4 e5 2. Nf3 Nc6 3. Bb5 a6 4. Ba4 Nf6 5. O-O Be7 6. d4 b5 7. Bb3 Nxd4 8. Bxf7+ Kxf7 9. Nxe5+ Ke8 10. Qxd4 Bb7 11. Nc3 d6 12. Nf3 Rf8 13. Nd5 Nxd5 14. exd5 Kf7 15. Qe4 Kg8 16. Nd4 Bf6 17. Ne6 Qe7 18. g4 Rfe8 19. g5 Be5 20. f4 Qxe6 21. dxe6 Bxe4 22. fxe5 Rxe6 23. exd6 cxd6 24. c3 Bb7 25. Bf4 Rae8 26. Rf2 Re4 27. Rd1 d5 28. Kg2 d4 29. Kg3 dxc3 30. bxc3 Rc4 1/2-1/2

[Event "44th Chess Olympiad Open 2022"]
[Site "Chennai"]
[Date "2022.08.09"]
[Round "11.80"]
[White "Tchouka, Yakini"]
[Black "Powell, Malcolm"]
[Result "1-0"]
[ECO "B13"]
[WhiteElo "1934"]
[BlackElo "1218"]
[Annotator "TA"]
[PlyCount "65"]
[EventDate "2022.07.29"]
[EventType "team-tourn"]
[EventCountry "IND"]
[SourceTitle "playchess.com"]
[Source "ChessBase"]
[SourceQuality "1"]
[WhiteTeam "Togo"]
[BlackTeam "Cayman Islands"]
[WhiteTeamCountry "TOG"]
[BlackTeamCountry "CAY"]
[TimeControl "40/5400+30:1800+30"]

1. e4 c6 2. d4 d5 3. exd5 cxd5 4. Bd3 Nc6 5. c3 Nf6 6. Bf4 g6 7. Nd2 Bg7 {[%emt 0:01:12] 7...Bf5 might become the main line.} 8. Ngf3 Bg4 {[%emt 0:00:09] B13: Caro-Kann: Exchange Variation and Panov-Botvinnik Attack.} 9. h3 Bxf3 10. Nxf3 O-O {[%emt 0:01:21] White is slightly better.} 11. Qd2 a6 12. O-O b5 13. Rfe1 {[%emt 0:01:35] White is more active.} e6 {[%emt 0:04:13] [#]} 14. Qe2 $146 ({Predecessor:} 14. Bh6 Qb6 15. Ne5 Nxe5 16. dxe5 Nd7 17. Bxg7 Kxg7 18. h4 h5 19. Qg5 Qd8 20. Qg3 {0-1 (46) Hund,S (1629)-Prill,D (2038) Playchess.com INT 2020}) 14... Qd7 15. a4 b4 16. Bxa6 bxc3 17. bxc3 Ne4 18. Bb5 {[%emt 0:02:37] A strong pair of Bishops.} Nxc3 19. Qb2 Nxb5 20. axb5 ({Reject} 20. Qxb5 $6 Rfd8 21. Red1 Na5 $15) 20... Nxd4 {[%emt 0:15:44][%mdl 8192] This costs Black the game.} 21. Nxd4 $18 Rxa1 22. Qxa1 ({Less strong is} 22. Rxa1 e5 $16) 22... Bxd4 (22... h6 $142 23. b6 e5 24. Bxe5 Bxe5 25. Rxe5 Qd6) 23. Qxd4 {[%emt 0:00:14] [#] White threatens Bh6 and mate.} f6 24. Qb4 e5 25. Bd2 Rb8 26. b6 {[%emt 0:00:06] Strongly threatening Rc1.} Rb7 27. Bh6 {[%emt 0:02:52][%csl Gh6][%cal Rb4f8] [#]} Qd8 {[%emt 0:01:44] Inhibits Qf8+.} 28. Rb1 g5 29. h4 d4 30. hxg5 {[%emt 0:00:33] White mates.} fxg5 31. Qb3+ Kh8 32. Qe6 Qb8 33. Rc1 {[%emt 0:01:10] Weighted Error Value: White=0.05 (flawless) /Black=0.58} 1-0

[Event "44th Chess Olympiad Open 2022"]
[Site "Chennai"]
[Date "2022.08.09"]
[Round "11.80"]
[White "Egbe, Kossi Thierry"]
[Black "Young, Christopher"]
[Result "1/2-1/2"]
[ECO "B48"]
[WhiteElo "1703"]
[BlackElo "1990"]
[Annotator "TA"]
[PlyCount "104"]
[EventDate "2022.07.29"]
[EventType "team-tourn"]
[EventCountry "IND"]
[SourceTitle "playchess.com"]
[Source "ChessBase"]
[SourceQuality "1"]
[WhiteTeam "Togo"]
[BlackTeam "Ireland"]
[WhiteTeamCountry "TOG"]
[BlackTeamCountry "IRL"]
[TimeControl "40/5400+30:1800+30"]

1. e4 c5 2. Nf3 e6 3. d4 cxd4 4. Nxd4 a6 5. Bd3 Qc7 6. O-O Nf6 7. Nc3 b5 8. Be3 Bb7 9. a3 Nc6 10. Nxc6 {[%emt 0:04:11] B48: Sicilian: Taimanov: 5 Nc3 Qc7 6 Be3 a6 without Be2.} Bxc6 11. f4 d5 {[%emt 0:22:57][%cal Rd5e4] [#]} 12. e5 $146 {[%emt 0:07:01] White is slightly better.} ({Predecessor:} 12. exd5 Nxd5 13. Nxd5 Bxd5 14. b4 Be7 15. Bd4 Bf6 16. Bxf6 gxf6 17. Qg4 Ke7 18. Qe2 {0-1 (31) Fels,K (1676)-Willin,B (1909) Bergen 2013}) 12... Ne4 13. Ne2 Be7 14. Bxe4 (14. Nd4 $14 {should be considered.}) 14... dxe4 $11 15. Nd4 g6 {[%emt 0:13:44] Against f5} 16. Qe2 Bd5 17. Rfd1 h5 18. a4 b4 19. Rdc1 Bc4 20. Qf2 O-O 21. c3 b3 22. h3 f6 23. Qg3 Kh7 24. Re1 Rad8 25. h4 Rf7 26. Qh3 f5 ({But not} 26... fxe5 $6 27. fxe5 Rd7 28. Qg3 $15) 27. g3 Bc5 28. Qg2 Bd5 (28... Bb6 $17) 29. Qf2 $1 Rc8 30. Red1 {[%emt 0:04:06] [#]} (30. Ne2 $11 {remains equal.}) 30... Rd7 (30... Bc4 $1 $17) 31. Rac1 (31. Ne2 $1 $11 {keeps the balance.}) 31... Bc4 $17 32. Ra1 Qa5 33. Kh2 Qc7 (33... Qb6 $17) 34. Rd2 (34. Kg1 $1 $11) 34... Bxd4 ({Better is} 34... Rcd8 $17) 35. Rxd4 $11 Rxd4 36. Bxd4 Bd3 37. Bb6 Qc6 38. Qd4 Kg7 39. Kg1 Kf7 40. Kf2 Ke7 41. Qb4+ Kf7 42. Qxb3 $2 {[%emt 0:00:00][%mdl 8192] [#]} (42. Be3 $11 {and White is okay.}) 42... Rb8 $2 (42... Qb7 $1 $19 {[%cal Oe4e3] And now ...e3+! would win.} 43. Qb4 Rc4) 43. a5 e3+ {[%emt 0:00:28][%mdl 64] Decoy} 44. Kxe3 {[%emt 0:00:00] Chess con chili.} Qe4+ 45. Kd2 $1 Qe2+ 46. Kc1 {[%emt 0:00:00] Black must now prevent Qd1.} Qe1+ 47. Qd1 Qxg3 48. Ra4 Rxb6 {[%emt 0:06:07][%mdl 64] Remove Defender} 49. axb6 {[%emt 0:00:00] Hoping for b3.} Qe3+ 50. Qd2 Qg1+ 51. Qd1 Bb5 $2 52. Rd4 Qg3 {[%emt 0:00:02][%mdl 32768] What a bad dream for Black.  Weighted Error Value: White=0.35/Black=0.37. An unexpected result.} 1/2-1/2

[Event "44th Chess Olympiad Open 2022"]
[Site "Chennai"]
[Date "2022.08.09"]
[Round "11.80"]
[White "Tracey, Shaun M"]
[Black "Strovsky, Mikhail"]
[Result "1/2-1/2"]
[ECO "B23"]
[WhiteElo "1650"]
[BlackElo "2158"]
[Annotator "RC"]
[PlyCount "77"]
[EventDate "2022.07.29"]
[EventType "team-tourn"]
[EventCountry "IND"]
[SourceTitle "playchess.com"]
[Source "ChessBase"]
[SourceQuality "1"]
[WhiteTeam "Cayman Islands"]
[BlackTeam "Togo"]
[WhiteTeamCountry "CAY"]
[BlackTeamCountry "TOG"]
[TimeControl "40/5400+30:1800+30"]

1. e4 c5 2. Nc3 a6 3. g3 b5 4. Qe2 Bb7 5. Bg2 e6 6. Nf3 Nc6 7. d3 Nd4 8. Nxd4 cxd4 9. Nd1 Nf6 10. c3 Qb6 11. O-O dxc3 12. Nxc3 Bc5 13. a3 O-O 14. Bg5 Bd4 15. Rac1 Rac8 16. Kh1 h6 17. Bd2 Rfd8 18. f4 a5 19. f5 e5 20. g4 b4 21. axb4 axb4 22. Na4 Qb5 23. b3 d5 24. g5 Nxe4 25. gxh6 Rxc1 26. Bxc1 Nd6 27. Qg4 Ne8 28. hxg7 Rd6 29. Rf3 e4 30. Rg3 Qc6 31. Bf4 Qc2 32. Bf1 Rc6 33. Qh4 Bxg7 34. Qe7 Qf2 35. Qxe8+ Kh7 36. Rh3+ Rh6 37. Rxh6+ Bxh6 38. Qxf7+ Bg7 39. Qg6+ 1/2-1/2

[Event "44th Chess Olympiad Open 2022"]
[Site "Chennai"]
[Date "2022.08.09"]
[Round "11.80"]
[White "Shaw, Clifford"]
[Black "Ballebako, Kokou Difendramakada"]
[Result "1-0"]
[ECO "B09"]
[WhiteElo "1615"]
[BlackElo "1524"]
[Annotator "NA RC COMBH"]
[PlyCount "47"]
[EventDate "2022.07.29"]
[EventType "team-tourn"]
[EventCountry "IND"]
[SourceTitle "playchess.com"]
[Source "ChessBase"]
[SourceQuality "1"]
[WhiteTeam "Cayman Islands"]
[BlackTeam "Togo"]
[WhiteTeamCountry "CAY"]
[BlackTeamCountry "TOG"]
[TimeControl "40/5400+30:1800+30"]

1. e4 d6 2. d4 Nf6 3. Nc3 g6 4. f4 Bg7 5. Nf3 c5 6. Bb5+ Bd7 7. e5 Ng4 8. Ng5 h6 9. e6 hxg5 10. exd7+ Nxd7 11. Qxg4 e6 12. dxc5 O-O 13. Bxd7 Qxd7 14. O-O gxf4 15. cxd6 Qxd6 16. Qxf4 Be5 17. Qh4 Rac8 18. Be3 f5 19. Rad1 Qc6 20. Rd3 Rc7 21. Rd8 Bxh2+ 22. Kxh2 Rxd8 23. Qxd8+ Kf7 24. Rd1 1-0

[Event "44th Chess Olympiad Open 2022"]
[Site "Chennai"]
[Date "2022.08.09"]
[Round "11.81"]
[White "Wane, Al Hassane"]
[Black "Nadan, Avinesh"]
[Result "1-0"]
[ECO "D15"]
[WhiteElo "1750"]
[BlackElo "1540"]
[Annotator "NA RC COMBH"]
[PlyCount "109"]
[EventDate "2022.07.29"]
[EventType "team-tourn"]
[EventCountry "IND"]
[SourceTitle "playchess.com"]
[Source "ChessBase"]
[SourceQuality "1"]
[WhiteTeam "Senegal"]
[BlackTeam "Fiji"]
[WhiteTeamCountry "SEN"]
[BlackTeamCountry "FIJ"]
[TimeControl "40/5400+30:1800+30"]

1. d4 d5 2. c4 Nf6 3. Nf3 h6 4. Nc3 c6 5. e3 Bf5 6. cxd5 cxd5 7. Be2 Nc6 8. Qb3 Rb8 9. O-O e6 10. Ne5 Be7 11. Qa4 Qb6 12. f3 O-O 13. Nxc6 bxc6 14. Kh1 c5 15. dxc5 Bxc5 16. e4 Bg6 17. e5 Ne8 18. Qg4 Qc7 19. h4 Qxe5 20. Bf4 Qf6 21. Bxb8 Be3 22. f4 Bf5 23. Qg3 Bb6 24. Be5 Qe7 25. Na4 Bd8 26. h5 Qb4 27. Qb3 Qe7 28. Qg3 f6 29. Bc3 Nd6 30. Bb4 Qd7 31. Nc5 Qc8 32. Rac1 Be7 33. Bg4 Qe8 34. a3 Bxg4 35. Qxg4 f5 36. Qg6 Bf6 37. Qxe8 Rxe8 38. Nd3 Ne4 39. Rf3 Ra8 40. Ne5 a5 41. Be1 a4 42. Rc6 Bxe5 43. fxe5 Rb8 44. Bb4 Kh7 45. Rxe6 Ng5 46. Ra6 Nxf3 47. gxf3 Rd8 48. Rd6 Rc8 49. Bc3 Rc4 50. Rxd5 Rh4+ 51. Kg2 Rxh5 52. e6 Rg5+ 53. Kf2 Rg6 54. e7 Re6 55. Re5 1-0

[Event "44th Chess Olympiad Open 2022"]
[Site "Chennai"]
[Date "2022.08.09"]
[Round "11.81"]
[White "Terubea, Ronald"]
[Black "Badji, Sekou Aransbene"]
[Result "1-0"]
[ECO "C25"]
[WhiteElo "1742"]
[BlackElo "1732"]
[Annotator "NA RC COMBH"]
[PlyCount "89"]
[EventDate "2022.07.29"]
[EventType "team-tourn"]
[EventCountry "IND"]
[SourceTitle "playchess.com"]
[Source "ChessBase"]
[SourceQuality "1"]
[WhiteTeam "Fiji"]
[BlackTeam "Senegal"]
[WhiteTeamCountry "FIJ"]
[BlackTeamCountry "SEN"]
[TimeControl "40/5400+30:1800+30"]

1. e4 d6 2. Nc3 c6 3. Bc4 e5 4. Nf3 h6 5. d4 Qc7 6. Be3 Nf6 7. h3 Be7 8. O-O b5 9. Bd3 b4 10. Ne2 Nbd7 11. Ng3 Nf8 12. a3 bxa3 13. Rxa3 Ng6 14. Qa1 c5 15. dxe5 Nxe5 16. Nxe5 dxe5 17. Bc4 O-O 18. Ra5 Bd6 19. Rd1 Re8 20. Bxf7+ Kxf7 21. Nf5 Bxf5 22. exf5 Kf8 23. Rxd6 Nd7 24. Raa6 Nb6 25. Qa5 Rec8 26. Rd1 Nd7 27. Qc3 Nb6 28. b4 c4 29. Qa3 Qb7 30. b5+ Kg8 31. Qd6 Qe4 32. Qg6 Qxc2 33. Rd2 Qb1+ 34. Kh2 Qxb5 35. Ra1 Qe8 36. Qg3 Rc6 37. Rda2 Nd5 38. Rxa7 Rxa7 39. Rxa7 Rc7 40. Ra5 Nxe3 41. Qxe3 c3 42. Rxe5 Qc6 43. Re6 Qc5 44. Re8+ Kh7 45. Qe6 1-0

[Event "44th Chess Olympiad Open 2022"]
[Site "Chennai"]
[Date "2022.08.09"]
[Round "11.81"]
[White "Jaiswal Prashant S"]
[Black "Lesbros Bernard"]
[Result "0-1"]
[ECO "B34"]
[WhiteElo "1683"]
[BlackElo "1865"]
[Annotator "NA RC COMBH"]
[PlyCount "104"]
[EventDate "2022.07.29"]
[EventType "team-tourn"]
[EventCountry "IND"]
[SourceTitle "playchess.com"]
[Source "ChessBase"]
[SourceQuality "1"]
[WhiteTeam "India"]
[BlackTeam "Senegal"]
[WhiteTeamCountry "IND"]
[BlackTeamCountry "SEN"]
[TimeControl "40/5400+30:1800+30"]

1. e4 c5 2. Nf3 Nc6 3. d4 cxd4 4. Nxd4 g6 5. Be2 Bg7 6. Nxc6 bxc6 7. O-O d6 8. c3 Rb8 9. Qc2 Nf6 10. Be3 Qc7 11. h3 O-O 12. Nd2 d5 13. exd5 cxd5 14. Rac1 Bf5 15. Qd1 Rxb2 16. c4 Qa5 17. cxd5 Qxd5 18. Bc4 Qa5 19. Bxf7+ Rxf7 20. Nc4 Qxa2 21. Nxb2 Qxb2 22. Bxa7 Qb7 23. Bd4 Bh6 24. Be3 Bxe3 25. fxe3 e6 26. Qd8+ Rf8 27. Qd4 Qd5 28. Qxd5 Nxd5 29. Rce1 Be4 30. Rxf8+ Kxf8 31. Kf2 Kg7 32. Ra1 Kf6 33. Ra7 h5 34. g3 Bf5 35. h4 Be4 36. Ra4 Kf5 37. Rc4 Nf6 38. Ke1 Kg4 39. Kf2 Kh3 40. Rb4 Bd5 41. e4 Nxe4+ 42. Kg1 Nxg3 43. Kf2 Nf5 44. Ra4 Nxh4 45. Ke3 Nf5+ 46. Kf4 Kh4 47. Ke5+ Kg5 48. Ra1 h4 49. Rg1+ Ng3 50. Kd4 Kf4 51. Kd3 h3 52. Kd2 h2 0-1

[Event "44th Chess Olympiad Open 2022"]
[Site "Chennai"]
[Date "2022.08.09"]
[Round "11.81"]
[White "Diop, Wara"]
[Black "Prakash, Prashil"]
[Result "1-0"]
[ECO "C41"]
[WhiteElo "1636"]
[BlackElo "1514"]
[Annotator "NA RC COMBH"]
[PlyCount "117"]
[EventDate "2022.07.29"]
[EventType "team-tourn"]
[EventCountry "IND"]
[SourceTitle "playchess.com"]
[Source "ChessBase"]
[SourceQuality "1"]
[WhiteTeam "Senegal"]
[BlackTeam "Fiji"]
[WhiteTeamCountry "SEN"]
[BlackTeamCountry "FIJ"]
[TimeControl "40/5400+30:1800+30"]

1. e4 e5 2. Nf3 d6 3. Bc4 Be7 4. c3 Be6 5. Bxe6 fxe6 6. Qb3 Qc8 7. d4 Nc6 8. dxe5 dxe5 9. Nbd2 Bf6 10. Nc4 Nge7 11. Be3 b6 12. a4 Qa6 13. O-O O-O 14. Ncxe5 Nxe5 15. Nxe5 Qc8 16. Nd3 Kh8 17. Rfd1 e5 18. Nb4 Qg4 19. f3 Qg6 20. Rd7 Bh4 21. Qd1 a5 22. Nd5 Nxd5 23. Rxd5 Qe6 24. Qe2 h6 25. Rad1 Rad8 26. c4 Kh7 27. Qc2 Qg6 28. Qe2 Qe6 29. c5 Qc6 30. cxb6 cxb6 31. b3 Qe6 32. Qa6 Rxd5 33. exd5 Qg6 34. Qd3 Rf6 35. d6 Re6 36. Qxg6+ Kxg6 37. d7 Bd8 38. Bf2 Kf7 39. Bg3 g5 40. Kf2 Kf6 41. Ke3 Kf5 42. Rd5 Re7 43. Bf2 Ke6 44. Ke4 Rxd7 45. Rxd7 Kxd7 46. Kxe5 Bc7+ 47. Kf5 Kc6 48. Kg6 b5 49. Kxh6 Bd8 50. g3 b4 51. h4 gxh4 52. gxh4 Kd6 53. Kg6 Ke7 54. Bc5+ Ke6 55. h5 Kd5 56. Be3 Bc7 57. h6 Be5 58. h7 Ke6 59. Bh6 1-0